 Dungeon Crawl Stone Soup version 0.28-a0-519-gbfeecf2fc5 (webtiles) character file.

Game seed: 2729658692949813256

140 speeev33 the Covered (level 5, 0/33 HPs)
             Began as a Gargoyle Fighter on Sept 24, 2021.
             Was an Initiate of Okawaru.
             Killed from afar by an electric eel (2 damage)
             ... with a bolt of electricity
             ... on level 3 of the Dungeon.
             The game lasted 00:04:09 (2660 turns).

speeev33 the Covered (Gargoyle Fighter)             Turns: 2660, Time: 00:04:10

Health: 0/33       AC: 14    Str: 21    XL:     5   Next: 22%
Magic:  5/5        EV:  5    Int:  8    God:    Okawaru [......]
Gold:   90         SH:  9    Dex:  9    Spells: 4/4 levels left

rFire   . . .      SeeInvis .   a - +1 flail
rCold   + . .      Faith    .   l - +1 kite shield
rNeg    + . .      Spirit   .   e - +0 chain mail
rPois   ∞          Reflect  .   (no helmet)
rElec   +          Harm     .   (no cloak)
rCorr   +          Rampage  .   g - +0 pair of gloves
Will    .....                   (no boots)
Stlth   ..........              (no amulet)
HPRegen 0.11/turn               c - ring of Happiness {rPois rC+ rCorr}
MPRegen 0.09/turn               (no ring)

@: mighty
A: sickness immunity, AC +4, negative energy resistance 1, electricity
resistance, torment resistance 1, petrification resistance
a: Renounce Religion


You were on level 3 of the Dungeon.
You worshipped Okawaru.
Okawaru was noncommittal.
You visited 1 branch of the dungeon, and saw 3 of its levels.

You collected 90 gold pieces.

Inventory:

Hand Weapons
 a - a +1 flail (weapon)
Armour
 e - a +0 chain mail (worn)
 g - a +0 pair of gloves (worn)
 l - a +1 kite shield (worn)
Jewellery
 c - the ring of Happiness (left hand) {rPois rC+ rCorr}
   (You acquired it on level 2 of the Dungeon)

   [ring of resist corrosion]

   rC:        It protects you from cold.
   rPois:     It protects you from poison.
   rCorr:     It protects you from acid and corrosion.
Wands
 m - a wand of flame (20)
Scrolls
 b - 2 scrolls of teleportation
 j - a scroll of magic mapping
Potions
 f - a potion of berserk rage {unknown}
 h - a potion of heal wounds {unknown}
 i - a potion of flight {unknown}
 k - 2 potions of lignification


   Skills:
 + Level 4.2 Fighting
 + Level 3.0 Maces & Flails
 + Level 4.2 Armour
 + Level 4.2 Shields


You had 4 spell levels left.
You didn't know any spells.
Your spell library contained the following spells:

 Spells                   Type           Power      Damage    Failure   Level
 Corpse Rot               Necr/Air       N/A        N/A       100%        2
 Dispel Undead            Necr           0%         3d6       100%        4
 Petrify                  Tmut/Erth      0%         N/A       100%        4
 Metabolic Englaciation   Hex/Ice        0%         N/A       100%        5
 Death Channel            Necr           Unusable   N/A       N/A         6
 Statue Form              Tmut/Erth      Unusable   N/A       N/A         6

Dungeon Overview and Level Annotations

Branches:
Dungeon (3/15)

Altars:
Hepliaklqana
Okawaru
Uskayaw

Shops:
D:3 *

Annotations:
D:3 1 transporter


Innate Abilities, Weirdness & Mutations

You are immune to sickness and miasma.
Your stone body is resilient. (AC +4)
You are immune to poison.
You resist negative energy. (rN+)
You are resistant to electric shocks. (rElec)
You are resistant to unholy torment.
You are immune to petrification.


Message History

You enter the transporter and appear at another place.
m - a wand of flame (20)
You open the door.
The electric eel shoots out a bolt of lightning at you!
The bolt of electricity hits you. You resist. The bolt of electricity hits you.
You resist.
The electric eel shoots out a bolt of lightning at you!
The bolt of electricity hits you. You resist. The bolt of electricity hits you.
You resist.
The bolt of electricity hits the plant!
The plant begins to die.
There is an open door here.
The electric eel shoots out a bolt of lightning at you!
The bolt of electricity hits you. You resist.
The electric eel shoots out a bolt of lightning at you!
The bolt of electricity hits you. You resist. The bolt of electricity hits you.
You resist.
You thump the electric eel!
The electric eel is severely wounded.
A nearby plant withers and dies.
You hit the electric eel.
The electric eel is almost dead.
The electric eel shoots out a bolt of lightning at you!
The bolt of electricity hits you. You resist.
The electric eel shoots out a bolt of lightning at you!
The bolt of electricity hits you. You resist.
You miss the electric eel.
The electric eel is almost dead.
You feel very mighty all of a sudden.
The electric eel shoots out a bolt of lightning at you!
The bolt of electricity hits you. You resist.
* * * LOW HITPOINT WARNING * * *
You barely miss the electric eel.
The electric eel shoots out a bolt of lightning at you!
The bolt of electricity hits you. You resist.
* * * LOW HITPOINT WARNING * * *
You closely miss the electric eel.
The electric eel shoots out a bolt of lightning at you!
The bolt of electricity hits you. You resist.
* * * LOW HITPOINT WARNING * * *
The bolt of electricity hits you. You resist.
You die...

.....# ..# .. #.# #
#....#####..# #. #.# #.
#...........#####.##.##
#.###....................##
#.....###############.#....
#..#.#8P#≈≈≈≈≈≈≈#P8#.#.###
#...#..#.......#..#...#
#..©#©.'...♣...+:©#©..#
##..#..#@......#..#..##
##.#8≈#;;≈≈≈≈≈#P8#.##
#.###############.#
#.................###
####.###########....# #.#
####.# #.# #.# #.# #.# ##.#
#.#


You could see 2 electric eels.

Vanquished Creatures
  Natasha (thrice) (D:2)
  An adder (D:3)
  A gnoll (D:1)
  A dart slug (D:1)
  3 endoplasms
  A giant cockroach (D:1)
  6 goblins
  6 hobgoblins
  2 quokkas (D:1)
  8 ball pythons
  4 bats
  5 frilled lizards
  3 kobolds
  2 rats
46 creatures vanquished.

Vanquished Creatures (others)
  A plant (D:3)
1 creature vanquished.

Grand Total: 47 creatures vanquished

Notes
Turn   | Place    | Note
-------+----------+-------------------------------------------
     0 | D:1      | speeev33 the Gargoyle Fighter began the quest for the Orb.
     0 | D:1      | Reached XP level 1. HP: 14/14 MP: 1/1
    20 | D:1      | Reached XP level 2. HP: 9/19 MP: 2/2
   389 | D:1      | Reached XP level 3. HP: 19/23 MP: 3/3
   630 | D:1      | Found a faded altar of an unknown god.
   965 | D:2      | Found a hazy altar of Hepliaklqana.
  1251 | D:2      | Identified a scroll of acquirement
  1251 | D:2      | Acquired the ring of Happiness {rPois rC+ rCorr}
  1521 | D:2      | Noticed Natasha
  1531 | D:2      | Killed Natasha
  1532 | D:2      | Reached XP level 4. HP: 6/29 MP: 4/4
  1830 | D:2      | Noticed Natasha
  1843 | D:2      | Killed Natasha
  1880 | D:2      | Noticed Natasha
  1995 | D:2      | Killed Natasha
  1996 | D:2      | Reached XP level 5. HP: 21/33 MP: 5/5
  2512 | D:3      | Found an iron altar of Okawaru.
  2512 | D:3      | Found a hide-covered altar of Uskayaw.
  2516 | D:3      | Became a worshipper of Warmaster Okawaru
  2570 | D:3      | Found a transporter.
  2612 | D:3      | Found Inauc's Assorted Antiques.
  2635 | D:3      | Found a transporter.
  2660 | D:3      | Killed from afar by an electric eel

Illustrated notes

Levels and vault maps discovered:
D:1:      lightli_arrival_boilingwater, layout_rooms,
          shapermc_ecumenical_altar_mp_vishouse, roderic_roman_lattice,
          minmay_octomino_c4
D:2:      layout_loops_corners, basic_altar, uniq_natasha
D:3:      gammafunk_steamed_eel, layout_loops_ring,
          mainiacjoe_overflow_divided_tiny, serial_shops, shop

Skill      XL: |  1  2  3  4 |
---------------+-------------+-----
Armour         | 4 |  4.2
Fighting       | 4 |  4.2
Shields        | 4 |  4.2
Maces & Flails | 3 |  3.0

Action                   |  1- 3 |  4- 6 || total
-------------------------+-------+-------++-------
Melee: Flail             |   122 |    41 ||   163
  Use: Scroll            |     5 |     2 ||     7
       Potion            |     1 |     1 ||     2
Armor: Scale mail        |    34 |       ||    34
       Chain mail        |    53 |    20 ||    73
Dodge: Dodged            |    73 |    11 ||    84
Block: Buckler           |    27 |       ||    27
       Kite shield       |    20 |    19 ||    39

Table legend: (Time is in decaauts)
 A = Elapsed time spent in this place.
 B = Non-inter-level travel time spent in this place.
 C = Inter-level travel time spent in this place.
 D = Time resting spent in this place.
 E = Time spent auto-exploring this place.
 F = Levels seen in this place.
 G = Mean time per level.
                   A        B        C        D        E       F      G
               +--------+--------+--------+--------+--------+-----+--------+
         Total |   2735 |   2611 |    124 |    701 |   1407 |   3 |  911.7 |
       Dungeon |   2735 |   2611 |    124 |    701 |   1407 |   3 |  911.7 |
               +--------+--------+--------+--------+--------+-----+--------+

Top non-repeatable levels by time:
     D:2: 1526 daAuts
     D:1: 981 daAuts
     D:3: 228 daAuts
